 Dungeon Crawl Stone Soup version 0.19-a0-262-g5df7875 (webtiles) character file.

39 epen the Insei (level 3, 0/26 HPs)
             Began as a Demonspawn Transmuter on May 25, 2016.
             Slain by a goblin
             ... wielding a +0 dagger
             ... led by Robin
              (3 damage)
             ... on level 2 of the Dungeon.
             The game lasted 00:02:31 (1373 turns).

epen the Insei (Demonspawn Transmuter)              Turns: 1373, Time: 00:02:32

Health: 0/26       AC:  2    Str: 10    XL:     3   Next: 26%
Magic:  2/6        EV: 20    Int: 15    God:
Gold:   44         SH:  0    Dex: 18    Spells: 3 memorised, 0 levels left

rFire  . . .     SeeInvis .       - Unarmed
rCold  . . .     Gourm    .     (armour currently unavailable)
rNeg   . . .     Faith    .     (shield currently unavailable)
rPois  x         Spirit   .     (helmet currently unavailable)
rElec  .         Dismiss  .     (cloak currently unavailable)
rCorr  .         Reflect  .     (gloves currently unavailable)
SustAt .         Harm     .     (boots currently unavailable)
MR     .....                    (no amulet)
Stlth  ++........               (no ring)
                                (no ring)

@: spider-form (expiring), very slightly contaminated, not resistant to hostile
enchantments, unstealthy
A: (sturdy frame 0)
a: End Transformation


You were on level 2 of the Dungeon.
You were not hungry.
You were a venomous arachnid creature.
You visited 1 branch of the dungeon, and saw 2 of its levels.

You collected 44 gold pieces.

Inventory:

Missiles
 a - 45 arrows
Armour
 b - a +0 robe (melded)
 f - a +2 cloak (melded)
Scrolls
 e - a scroll of remove curse {unknown}
 h - a scroll of identify {unknown}
 k - a scroll of enchant armour {unknown}
Potions
 g - a potion of lignification {unknown}
Books
 c - a book of Changes

   Spells                             Type                      Level
   a - Beastly Appendage              Transmutation                1
   b - Sticks to Snakes               Transmutation                2
   c - Spider Form                    Transmutation/Poison         3
   d - Ice Form                       Ice/Transmutation            4
   e - Blade Hands                    Transmutation                5
Comestibles
 d - a bread ration
 i - a meat ration


   Skills:
 + Level 1.2 Fighting
 + Level 2.1 Dodging
 * Level 3.0 Unarmed Combat
 + Level 2.2 Spellcasting
 * Level 2.4 Transmutations


You couldn't memorise any spells.
You knew the following spells:

 Your Spells              Type           Power        Failure   Level  Hunger
a - Beastly Appendage     Tmut           #.....       24%         1    #......
b - Sticks to Snakes      Tmut           #.......     28%         2    ###....
c - Spider Form           Tmut/Pois      #.........   65%         3    ###....


Dungeon Overview and Level Annotations

Branches:
Dungeon (2/15)

Altars:

Annotations:
D:2 Robin


Innate Abilities, Weirdness & Mutations

((Your movements are slightly less encumbered by armour. (ER -2)))


Message History

The goblin closely misses you.
Robin drinks a potion.
Robin seems to grow stronger.
You closely miss Robin.
Robin is lightly wounded.
The goblin completely misses you.
The goblin unwields an uncursed dagger.
The goblin wields a hunting sling.
The goblin shoots a stone.
The stone completely misses you.
You hit Robin.
Robin looks even sicker.
Robin is heavily wounded.
The goblin hits you. Robin barely misses you.
Unknown command.
You completely miss Robin.
Robin is heavily wounded.
The goblin hits you.
* * * LOW HITPOINT WARNING * * *
Robin closely misses you.
The goblin unwields an uncursed hunting sling.
The goblin wields an uncursed dagger.
The goblin hits you with an uncursed dagger.
You die...

#######...
#gsg......
#g#####.## #)#
##. #.# .. #.# .#
#.####.###g####.#
#........ggg.g..#
######.###gg....#
#.# .......


You could see Robin and 2 goblins.

Vanquished Creatures
  A worm (D:1)
  2 dart slugs (D:1)
  A giant gecko (D:1)
  A giant cockroach (D:1)
  11 goblins
  3 hobgoblins
  2 bats (D:1)
  2 giant newts (D:1)
  A kobold (D:1)
  2 rats
26 creatures vanquished.

Vanquished Creatures (collateral kills)
  A hobgoblin (D:1)
  A kobold (D:1)
  A rat (D:1)
3 creatures vanquished.

Grand Total: 29 creatures vanquished

Notes
Turn   | Place    | Note
--------------------------------------------------------------
     0 | D:1      | epen the Demonspawn Transmuter began the quest for the Orb.
     0 | D:1      | Reached XP level 1. HP: 15/15 MP: 3/3
   283 | D:1      | Gained mutation: Your movements are slightly less encumbered by armour. (ER -2) [demonic ancestry]
   283 | D:1      | Reached XP level 2. HP: 7/21 MP: 5/5
   486 | D:1      | Learned a level 2 spell: Sticks to Snakes
  1195 | D:1      | Reached XP level 3. HP: 15/26 MP: 2/6
  1200 | D:1      | Learned a level 3 spell: Spider Form
  1340 | D:2      | Noticed Robin
  1359 | D:2      | Reached skill level 3 in Unarmed Combat
  1373 | D:2      | Slain by a goblin

Vault maps used:
D:1:      elethiomel_arrival_shortcut
D:2:      old_standard_altar, uniq_robin

Skill      XL: |  1  2  3 |
---------------+----------+-----
Transmutations | 2 |  2.4
Dodging        | 2 |  2.1
Unarmed Combat | 3 |  3.0
Fighting       | |  1.2
Spellcasting   | |  2.2

Action                   || total
-------------------------++-------
Melee: Unarmed           ||   127
 Cast: Sticks to Snakes  ||     3
       Spider Form       ||     1
 Stab: Sleeping          ||     2
  Eat: Chunk             ||     2
Armor: Robe              ||    30
       Skin              ||     2
Dodge: Dodged            ||    63
